 Dungeon Crawl Stone Soup version 0.22-a0-558-gc224181 (webtiles) character file.

0 glosham the Skirmisher (level 1, -1/18 HPs)
             Began as a Mummy Abyssal Knight on June 26, 2018.
             Was a Follower of Lugonu.
             Slain by a harpy zombie (8 damage)
             ... on level 3 of the Abyss.
             The game lasted 00:04:13 (206 turns).

glosham the Skirmisher (Mummy Abyssal Knight)        Turns: 206, Time: 00:04:13

Health: -1/18      AC:  4    Str: 15    XL:     1   Next: 0%
Magic:  2/2        EV: 11    Int: 11    God:    Lugonu [*.....]
Gold:   46         SH:  0    Dex: 11    Spells: 0/0 levels left

rFire    x . .     SeeInvis .   a - +1 hand axe
rCold    + . .     Gourm    .   (no shield)
rNeg     + + +     Faith    .   b - +0 leather armour
rPois    ∞         Spirit   .   (no helmet)
rElec    .         Reflect  .   (no cloak)
rCorr    .         Harm     .   c - +0 pair of gloves
MR       .....                  (no boots)
Stlth    +.........             (no amulet)
HPRegen  0.06/turn              (no ring)
MPRegen  0.08/turn              (no ring)

@: no status effects
A: no food or potions, fire vulnerability, cold resistance 1, negative energy
resistance 3, torment resistance, unbreathing
a: Depart the Abyss, Renounce Religion


You were on level 3 of the Abyss.
You worshipped Lugonu.
Lugonu was aware of your devotion.
You were not hungry.

You visited 0 branches of the dungeon, and saw 0 of its levels.
You visited the Abyss 1 time.

You collected 46 gold pieces.

Inventory:

Hand Weapons
 a - a +1 hand axe (weapon)
Armour
 b - a +0 leather armour (worn)
 c - a +0 pair of gloves (worn)
 d - a +0 buckler


   Skills:
 - Level 3.0 Fighting
 - Level 1.5 Axes
 - Level 1.5 Armour
 - Level 0.7 Dodging
 * Level 0.0 Stealth
 - Level 1.5 Invocations


You couldn't memorise any spells.
You didn't know any spells.
Your spell library was empty.

Dungeon Overview and Level Annotations

Branches:
Dungeon (0/15)

Altars:


Innate Abilities, Weirdness & Mutations

You do not eat or drink.
Your flesh is vulnerable to fire.
You are immune to poison.
Your flesh is cold resistant. (rC+)
You are immune to negative energy. (rN+++)
You are immune to unholy pain and torment.
You can survive without breathing.


Message History

Found a gateway leading deeper into the Abyss.
Found 46 gold pieces.
Found a spear.
You see here 28 gold pieces.
You now have 28 gold pieces.
You see here 18 gold pieces.
You now have 46 gold pieces (gained 18).
There is a gateway leading deeper into the Abyss here.
You start resting.
HP restored.
You plunge deeper into the Abyss.
The abyssal rune of Zot can be found at this depth.
Found a hunting sling and a buckler.
Found a murky golden potion.
You see here a buckler.
d - a buckler
Found 24 arrows.
A shadow demon comes into view.
The shadow demon gives a loud, deep croak!
Found a gateway leading out of the Abyss.
The shadow demon gestures.
Found 9 gold pieces.
Found a gateway leading out of the Abyss.
Found an emerald potion.
The tentacled starspawn misses you.
The tentacled starspawn closely misses you.
The shadow demon gestures.
A starcursed mass splits.
The starcursed mass shrieks in your mind.
A tentacle flies out from the starspawn's body!
A starspawn tentacle comes into view.
A tentacle flies out from the starspawn's body!
A starspawn tentacle comes into view.
The shadow demon gestures.
A harpy zombie comes into view.
Found an amethyst potion.
The harpy zombie claws you but does no damage.
The harpy zombie closely misses you.
The harpy zombie claws you. x2; The harpy zombie claws you!
You die...

.# . .## ..
#.. #.. ..
#. ..#.#
#.# ##.#
#...### ..
# . ...#
.#.#.#.#@#
.#. .#...#
...!...Z##
#. ###....
##....#.#
##.##.# .#
....# #.##
#.#.##X..##
## #.# ##.#
#..
W.x2###...
. #.### ..#
.... ##
#.##..# #
#X#.2...
#..#W.# #
#..##...
####..# ##
W#.#.


You could see a harpy zombie.

Vanquished Creatures (others)
  8 starspawn tentacles
8 creatures vanquished.

Notes
Turn   | Place    | Note
-------+----------+-------------------------------------------
     0 | Abyss:1  | glosham the Mummy Abyssal Knight began the quest for the Orb.
     0 | Abyss:1  | Reached XP level 1. HP: 18/18 MP: 2/2
    78 | Abyss:1  | Noticed a spatial vortex
    80 | Abyss:1  | Noticed a tentacled starspawn
    83 | Abyss:1  | Noticed a spatial vortex
   164 | Abyss:3  | Noticed a shadow demon
   185 | Abyss:3  | Noticed a small abomination
   185 | Abyss:3  | Noticed a flayed ghost
   185 | Abyss:3  | Noticed a tentacled starspawn
   188 | Abyss:3  | Noticed a starcursed mass
   198 | Abyss:3  | Noticed a large abomination
   204 | Abyss:3  | Noticed a harpy zombie
   206 | Abyss:3  | Slain by a harpy zombie

Vault maps used:
Abyss:2:  minivault_1
Abyss:3:  hangedman_decor_lopped

Action                   || total
-------------------------++-------
Armor: Leather armour    ||     1
Dodge: Dodged            ||     3

Table legend:
 A = Spawn XP
 B = Non-spawn XP
 C = Spawn XP percentage of total XP
 D = Spawn monster count
 E = Non-spawn monster count
 F = Spawn count percentage of total count
 G = Total turns spent on level
                    A         B        C        D         E        F      G
               +---------+---------+-------+---------+---------+-------+---------
         Total |       0 |       0 |   N/A |       0 |       0 |   N/A |   206
               +---------+---------+-------+---------+---------+-------+---------
               +---------+---------+-------+---------+---------+-------+---------

Table legend:
 A = Turns spent in this place as a percentage of turns spent in the entire game.
 B = Non-inter-level travel turns spent in this place as a percentage of non-inter-level travel turns spent in the entire game.
 C = Inter-level travel turns spent in this place as a percentage of turns spent in this place.
 D = Turns resting spent in this place as a percentage of non-inter-level travel turns spent in this place.
 E = Turns spent auto-exploring this place as a percentage of non-inter-level travel turns spent in this place.
 F = Non-inter-level travel turns spent in this place divided by the number of levels of this place that you've seen.
                   A       B       C       D       E      F
               +-------+-------+-------+-------+-------+----------------------
         Total | 100.0 | 100.0 |   0.0 |  12.6 |   0.0 |  68.7
         Abyss | 100.0 | 100.0 |   0.0 |  12.6 |   0.0 |  68.7
               +-------+-------+-------+-------+-------+----------------------

Vault maps used:
Abyss:2:  minivault_1
Abyss:3:  hangedman_decor_lopped
